 Dungeon Crawl Stone Soup version 0.27-a0-1502-g47ed6a6988 (webtiles) character file.

Game seed: 14657798724893366877

5477 robertstho the Thaumaturge (level 11, 0/72 HPs)
             Began as a Djinni Ice Elementalist on July 7, 2021.
             Was an Initiate of Gozag.
             Slain by a gnoll sergeant (9 damage)
             ... in a bailey on July 8, 2021.
             The game lasted 00:30:30 (10180 turns).

robertstho the Thaumaturge (DjIE)                  Turns: 10180, Time: 00:30:31

Health: 0/72       AC: 10    Str:  7    XL:     11   Next: 0%
Gold:   154        EV: 15    Int: 19    God:    Gozag SH:  0 Dex: 15

rFire    + + .     SeeInvis +   h - +1 scythe (protect)
rCold    x . .     Faith    .   (shield currently unavailable)
rNeg     . . .     Spirit   .   w - +0 steam dragon scales
rPois    ∞         Reflect  .   u - +2 hat {SInv}
rElec    .         Harm     .   k - +0 cloak
rCorr    .         Rampage  .   t - +1 pair of gloves
Will     +....                  (boots unavailable)
Stlth    +++.......             (no amulet)
HPRegen  0.22/turn              f - ring of wizardry
MPRegen  0.00/turn              m - ring of see invisible

@: flying
A: sickness immunity, fire resistance 2, cold vulnerability 1, float, innate
caster, hp casting, extra vitality 1
a: Renounce Religion, Potion Petition, Call Merchant, Bribe Branch


You were in a bailey.
You worshipped Gozag.
Gozag was aware of your devotion.
You visited 1 branch of the dungeon, and saw 8 of its levels.
You also visited: Bailey.

You collected 1175 gold pieces.
You spent 988 gold pieces at shops.
You paid 33 gold pieces to Gozag.

Inventory:

Hand Weapons
 c - a +0 dagger
 h - a +1 scythe of protection (weapon)
Missiles
 s - 2 throwing nets
Armour
 k - a +0 cloak (worn)
 t - a +1 pair of gloves (worn)
 u - a +2 hat of see invisible (worn)
 w - +0 steam dragon scales (worn)
Jewellery
 f - a ring of wizardry (left hand)
 m - a ring of see invisible (right hand)
Wands
 a - a wand of acid (4)
 j - a wand of flame (9)
 o - a wand of digging (6)
 y - a wand of polymorph (9)
Scrolls
 d - 3 scrolls of fog
 e - 2 scrolls of blinking
 g - 2 scrolls of torment
 i - a scroll of silence {unknown}
 l - 2 scrolls of identify
 n - 2 scrolls of magic mapping
 p - a scroll of fear
 r - a scroll of acquirement {unknown}
 E - a scroll of enchant weapon {unknown}
Potions
 b - a potion of attraction {unknown}
 q - 2 potions of brilliance
 v - a potion of curing
 x - a potion of ambrosia
 A - a potion of lignification
 B - a potion of berserk rage
 C - a potion of mutation
 D - 2 potions of might
 F - a potion of invisibility


   Skills:
 + Level 3.7 Fighting
 + Level 1.1 Short Blades
 + Level 6.2 Polearms
 + Level 6.8 Dodging
 + Level 4.7 Stealth
 + Level 8.7 Spellcasting
 + Level 0.3 Evocations


You had 3 spell levels left.
You knew the following spells:

 Your Spells              Type           Power      Damage    Failure   Level
a - Freeze                Ice            100%       1d11      1%          1
b - Frozen Ramparts       Ice            82%        1d10      1%          3
c - Ozocubu's Armour      Ice            41%        N/A       1%          3
d - Hailstorm             Conj/Ice       41%        3d10      1%          4
e - Pain                  Necr           100%       1d9       1%          1
f - Wereblood             Tmut           41%        N/A       1%          2
g - Mephitic Cloud        Conj/Pois/Air  41%        N/A       1%          3
h - Inner Flame           Hex/Fire       41%        N/A       1%          3
i - Olgreb's Toxic Radia  Pois           41%        N/A       1%          4
Your spell library was empty.

Dungeon Overview and Level Annotations

Branches:
Dungeon (8/15)             Temple (0/1) D:7          Bailey (1/1)
   Lair: D:8-11

Altars:
Elyvilon
Gozag
Hepliaklqana
Yredelemnul

Shops:
D:7 [![   D:8 !


Innate Abilities, Weirdness & Mutations

You are immune to sickness and miasma.
You are immune to poison.
Your flesh is very heat resistant. (rF++)
You are vulnerable to cold. (rC-)
You float through the air rather than walking.
You learn spells naturally, not from books.
Your magical power is your life essence.
You have superior vitality. (+4 HP)


Message History

6 gold pieces; a +0 halberd; a +0 ring mail
Casting: Hailstorm (dangerous; 1% risk of failure)
Confirm with . or Enter, or press ? or * to list all spells.
Casting: Hailstorm (dangerous; 1% risk of failure)
Press: ? - help, Dir - look around, f - activate
Okay, then.
Casting: Hailstorm (dangerous; 1% risk of failure)
Confirm with . or Enter, or press ? or * to list all spells.
Casting: Hailstorm (dangerous; 1% risk of failure)
Press: ? - help, Dir - look around, f - activate A cannonade of hail descends around you!
The hail pelts the gnoll sergeant!
The gnoll sergeant is moderately wounded.
Unknown command.
Casting: Hailstorm (dangerous; 1% risk of failure)
Confirm with . or Enter, or press ? or * to list all spells.
Casting: Hailstorm (dangerous; 1% risk of failure)
Press: ? - help, Dir - look around, f - activate A cannonade of hail descends around you!
The hail pelts the gnoll sergeant!
The gnoll sergeant is heavily wounded.
* * * LOW HITPOINT WARNING * * *
The gnoll sergeant hits you from afar with a +0 glaive!
* * * LOW HITPOINT WARNING * * *
A gnoll sergeant comes into view. It is wielding a +0 bardiche.
Casting: Hailstorm (dangerous; 1% risk of failure)
Confirm with . or Enter, or press ? or * to list all spells.
Casting: Hailstorm (dangerous; 1% risk of failure)
Press: ? - help, Dir - look around, f - activate A cannonade of hail descends around you!
The hail pelts the gnoll sergeant!
The gnoll sergeant is almost dead.
The gnoll sergeant shouts!
* * * LOW HITPOINT WARNING * * *
The gnoll sergeant barely misses you.
The gnoll shaman calls upon its god to heal the gnoll sergeant.
The gnoll sergeant is healed somewhat.
The gnoll sergeant hits you from afar with a +0 glaive!
You die...
Your body crumbles into a pile of gold.

########## ##.8.......
#.. ##.......... $#..
#.....g.g... #.. ♣
#...$$#####. #.. ♣≈.
#...g##...## #..
♣≈..##@###.....######..
♣≈.....)#.....).#...'..
♣≈.....)'...8.))'...'..
♣≈......#.......#...'..
♣≈..##+###.....######..
♣≈.. ##...## #.. ♣≈.
##### #.. ♣≈. #.. #..


You could see a gnoll sergeant and a gnoll shaman.

Vanquished Creatures
  Pikel (D:4)
  Maggie (D:7)
  Sigmund (D:2)
  2 wyverns
  A steam dragon (D:6)
  3 water moccasins
  An acid dragon (D:7)
  2 black bears (D:6)
  2 ice beasts
  2 sky beasts
  3 ogres
  An orc warrior (D:7)
  3 centaurs
  4 gnoll sergeants
  2 scorpions
  3 wyvern skeletons
  A water moccasin skeleton (D:7)
  13 killer bees
  7 wights
  2 bullfrog zombies
  An electric eel (D:7)
  2 howler monkeys (D:7)
  A centaur zombie (D:7)
  4 orc priests
  4 hounds
  2 gnoll shamans (Bailey)
  A jelly (D:7)
  Jessica (D:2)
  Natasha (thrice) (D:2)
  5 iguanas
  5 orc wizards
  A howler monkey zombie (D:5)
  20 gnolls
  7 adders
  A white imp (D:7)
  An ufetubus (D:6)
  An adder skeleton (D:4)
  2 worms (D:2)
  2 dart slugs
  13 orcs
  4 ball pythons
  6 endoplasms
  3 giant cockroaches
  11 hobgoblins
  5 quokkas
  2 bats
  6 frilled lizards
  5 goblins
  A jackal skeleton (D:2)
  13 kobolds
  3 rats
191 creatures vanquished.

Vanquished Creatures (others)
  12 plants
  2 withered plants (D:2)
14 creatures vanquished.

Grand Total: 205 creatures vanquished

Notes
Turn   | Place    | Note
-------+----------+-------------------------------------------
     0 | D:1      | robertstho the Djinni Ice Elementalist began the quest for
                  | the Orb.
     0 | D:1      | Reached XP level 1. HP: 15/15 MP: 0/0
   106 | D:1      | Reached XP level 2. HP: 14/21 MP: 0/0
   814 | D:1      | Reached XP level 3. HP: 25/25 MP: 0/0
   814 | D:1      | Learned a level 1 spell: Pain
  1079 | D:2      | Noticed Natasha
  1090 | D:2      | Killed Natasha
  1091 | D:2      | Reached skill level 4 in Spellcasting
  1091 | D:2      | Reached XP level 4. HP: 8/31 MP: 0/0
  1097 | D:2      | HP: 1/31 [worm (5)]
  1596 | D:2      | Noticed Jessica
  1606 | D:2      | Killed Jessica
  1607 | D:2      | Reached XP level 5. HP: 27/35 MP: 0/0
  1607 | D:2      | Learned a level 2 spell: Wereblood
  1797 | D:2      | Noticed Sigmund
  1806 | D:2      | Killed Sigmund
  1807 | D:2      | Reached skill level 1 in Short Blades
  1807 | D:2      | Reached XP level 6. HP: 9/41 MP: 0/0
  1832 | D:2      | Noticed Natasha
  1837 | D:2      | Killed Natasha
  2104 | D:2      | Found a faded altar of an unknown god.
  2129 | D:2      | Noticed Natasha
  2138 | D:2      | Killed Natasha
  2139 | D:2      | Reached skill level 5 in Spellcasting
  2629 | D:3      | Reached XP level 7. HP: 29/46 MP: 0/0
  2629 | D:3      | Learned a level 3 spell: Mephitic Cloud
  2636 | D:3      | Reached skill level 1 in Fighting
  2847 | D:3      | Found an opulent altar of Gozag.
  2890 | D:3      | Became a worshipper of Gozag Ym Sagoz the Greedy
  3135 | D:3      | Noticed a water moccasin
  3144 | D:3      | Killed a water moccasin
  3145 | D:3      | Reached skill level 1 in Polearms
  3925 | D:4      | Reached XP level 8. HP: 32/53 MP: 0/0
  4202 | D:4      | Noticed Pikel
  4211 | D:4      | Killed Pikel
  4212 | D:4      | Reached skill level 6 in Spellcasting
  4358 | D:4      | Upgraded the game from 0.27-a0-1500-g450c7e4133 to
                  | 0.27-a0-1502-g47ed6a6988
  4365 | D:4      | Reached XP level 9. HP: 40/59 MP: 0/0
  4365 | D:4      | Learned a level 3 spell: Inner Flame
  4641 | D:4      | Found a white marble altar of Elyvilon.
  4967 | D:5      | Entered Level 5 of the Dungeon
  5154 | D:5      | Found a basalt altar of Yredelemnul.
  5294 | D:5      | Identified the +1 leather armour "Ycehasch" {Dex+3}
  6107 | D:5      | Found a hazy altar of Hepliaklqana.
  7093 | D:6      | Reached skill level 7 in Spellcasting
  7641 | D:7      | Reached skill level 5 in Polearms
  7641 | D:7      | Reached XP level 10. HP: 63/67 MP: 0/0
  7663 | D:7      | Found Togoadio's Armour Shop.
  7664 | D:7      | Found Vaofat's Distillery.
  7719 | D:7      | Reached skill level 5 in Dodging
  8142 | D:7      | Found Efoyrch's Antique Armour Emporium.
  8149 | D:7      | Bought a pair of glowing gloves for 187 gold pieces
  8149 | D:7      | Bought an embroidered hat for 175 gold pieces
  8415 | D:7      | Reached skill level 8 in Spellcasting
  8959 | D:7      | Noticed Maggie
  8974 | D:7      | Killed Maggie
  9123 | D:7      | Bought a potion of ambrosia for 80 gold pieces
  9123 | D:7      | Bought a potion of heal wounds for 50 gold pieces
  9123 | D:7      | Bought a potion of lignification for 30 gold pieces
  9123 | D:7      | Bought a potion of berserk rage for 50 gold pieces
  9123 | D:7      | Bought a potion of mutation for 80 gold pieces
  9123 | D:7      | Bought a potion of heal wounds for 50 gold pieces
  9123 | D:7      | Bought 2 potions of might for 80 gold pieces
  9123 | D:7      | Bought a potion of heal wounds for 50 gold pieces
  9671 | D:7      | Found a staircase to the Ecumenical Temple.
  9734 | D:8      | Found Mots's Distillery.
  9754 | D:8      | Bought a potion of invisibility for 104 gold pieces
  9754 | D:8      | Bought a potion of brilliance for 52 gold pieces
  9798 | D:8      | Found a flagged portal.
  9814 | Bailey   | Entered a bailey
 10172 | Bailey   | Reached XP level 11. HP: 27/72 MP: 0/0
 10172 | Bailey   | Learned a level 4 spell: Olgreb's Toxic Radiance
 10180 | Bailey   | Slain by a gnoll sergeant

Illustrated notes

Levels and vault maps discovered:
D:1:      dpeg_arrival_stonehenge_8_columns, layout_basic, corexii_corridor_pit,
          minmay_octomino_j4
D:2:      layout_basic, shapermc_ecumenical_altar_flowoftime, uniq_jessica,
          uniq_sigmund, uniq_natasha
D:3:      layout_rooms, general_overflow_altar, minmay_cut_off
D:4:      layout_cave_pools, nicolae_elyvilon_temple_path, uniq_pikel
D:5:      layout_layer_cave, mainiacjoe_overflow_catwalk,
          nicolae_hepliaklqana_hippocampus
D:6:      layout_rooms
D:7:      layout_basic, minmay_temple_entry_poolview, kennysheep_diamond,
          nicolae_wooded_promenade, uniq_maggie
D:8:      layout_gridville, evilmike_ruin_ashenzari, enter_bailey_2,
          serial_shops, shop, nicolae_ossuary_entry_plus
Bailey:   bailey_polearm_gnolls_kennysheep, bailey

Skill      XL: |  1  2  3  4  5  6  7  8  9 10 |
---------------+-------------------------------+-----
Stealth        | 2 3 4 |  4.7
Spellcasting   | 4 5 6 7 8 |  8.7
Short Blades   | 1 |  1.1
Fighting       | 1 2 3 |  3.7
Dodging        | 3 4 6 |  6.8
Polearms       | 2 3 5 6 |  6.2
Evocations     | |  0.3

Action                   |  1- 3 |  4- 6 |  7- 9 | 10-12 || total
-------------------------+-------+-------+-------+-------++-------
Melee: Dagger            |    32 |    21 |       |       ||    53
       Scythe            |       |    19 |   135 |    47 ||   201
 Cast: Freeze            |    26 |     4 |    27 |       ||    57
       Frozen Ramparts   |     2 |     9 |    24 |    11 ||    46
       Hailstorm         |       |     7 |    22 |    69 ||    98
       Mephitic Cloud    |       |       |    12 |       ||    12
       Pain              |       |       |    11 |     6 ||    17
       Ozocubu's Armour  |       |       |     3 |     6 ||     9
Evoke: Wand              |       |       |     2 |     2 ||     4
  Use: Potion            |       |     2 |     1 |     4 ||     7
       Scroll            |       |       |     2 |     4 ||     6
 Stab: Sleeping          |     5 |     1 |     4 |       ||    10
       Confused          |       |       |     2 |       ||     2
Armor: Robe              |    10 |     3 |    63 |    32 ||   108
       Steam dragon scal |       |       |       |    36 ||    36
Dodge: Dodged            |    38 |    26 |   175 |   119 ||   358

Table legend: (Time is in decaauts)
 A = Elapsed time spent in this place.
 B = Non-inter-level travel time spent in this place.
 C = Inter-level travel time spent in this place.
 D = Time resting spent in this place.
 E = Time spent auto-exploring this place.
 F = Levels seen in this place.
 G = Mean time per level.
                   A        B        C        D        E       F      G
               +--------+--------+--------+--------+--------+-----+--------+
         Total |  10349 |  10122 |    227 |   1881 |   6743 |   9 | 1149.9 |
       Dungeon |   9981 |   9754 |    227 |   1594 |   6733 |   8 | 1247.6 |
        Bailey |    368 |    368 |      0 |    287 |     10 |   1 |  368.0 |
               +--------+--------+--------+--------+--------+-----+--------+

Top non-repeatable levels by time:
     D:7: 1979 daAuts
     D:2: 1828 daAuts
     D:6: 1500 daAuts
     D:5: 1346 daAuts
     D:3: 1301 daAuts
     D:1: 1069 daAuts
     D:4: 858 daAuts
  Bailey: 368 daAuts
     D:8: 95 daAuts
